 Dungeon Crawl Stone Soup version 0.24-a0-230-g536ed4e (webtiles) character file.

Game seed: 10171750105783993735

79 Espgualade the Chiller (level 4, 0/24 HPs)
             Began as a Tengu Ice Elementalist on Apr 2, 2019.
             Succumbed to an adder's poison
             ... on level 3 of the Dungeon.
             The game lasted 00:04:58 (2080 turns).

Espgualade the Chiller (Tengu Ice Elementalist)     Turns: 2080, Time: 00:04:59

Health: 0/24       AC:  5    Str:  5 (8)  XL:     4   Next: 38%
Magic:  0/8        EV: 12    Int: 17      God:
Gold:   93         SH:  0    Dex: 11 (14) Spells: 1/7 levels left

rFire    x . .     SeeInvis .   b - +0 hand axe
rCold    + . .     Gourm    .   (no shield)
rNeg     . . .     Faith    .   g - +1 robe {MR+}
rPois    .         Spirit   .   (helmet restricted)
rElec    .         Reflect  .   a - +1 cloak
rCorr    .         Harm     .   (no gloves)
MR       +....                  (boots unavailable)
Stlth    ++........             (no amulet)
HPRegen  0.08/turn              h - ring of ice
MPRegen  0.11/turn              (no ring)

@: lethally poisoned (0 -> -9)
A: beak, talons 3
a: no special abilities


You were on level 3 of the Dungeon.
You were not hungry.

You visited 1 branch of the dungeon, and saw 3 of its levels.

You collected 93 gold pieces.

Inventory:

Hand Weapons
 b - a +0 hand axe (weapon)
Armour
 a - a +1 cloak (worn)
 g - a +1 robe of magic resistance (worn)
Jewellery
 h - a ring of ice (left hand)
Scrolls
 f - a scroll of identify
Potions
 d - a potion of cancellation
Comestibles
 c - 4 rations


   Skills:
 - Level 2.1 Dodging
 - Level 2.0 Stealth
 - Level 2.0 Spellcasting
 + Level 3.5 Conjurations
 - Level 4.0 Ice Magic


You had one spell level left.
You knew the following spells:

 Your Spells              Type           Power        Failure   Level  Hunger
a - Freeze                Ice            ###.         3%          1    #......
b - Throw Frost           Conj/Ice       ###...       6%          2    ###....
c - Ozocubu's Armour      Chrm/Ice       ##......     26%         3    ###....

Your spell library contained the following spells:

 Spells                   Type           Power        Failure   Level  Hunger
 Throw Icicle             Conj/Ice       ###.....     38%         4    #####..
 Summon Ice Beast         Ice/Summ       ##......     63%         4    #####..


Dungeon Overview and Level Annotations

Branches:
Dungeon (3/15)

Altars:

Annotations:
D:2 Terence


Innate Abilities, Weirdness & Mutations

You have a beak for a mouth.
You have claws for feet.


Message History

Aim: an adder (severely wounded)
You feel a surge of power!
You freeze the adder.
The adder is almost dead.
The adder seems to slow down.
* * * LOW HITPOINT WARNING * * *
You feel sick. The adder bites you but does no damage.
You hit the adder but do no damage.
The adder is almost dead.
* * * LOW HITPOINT WARNING * * *
You feel sick. The adder barely misses you.
You barely miss the adder. Your peck misses the adder.
The adder is almost dead.
* * * LOW HITPOINT WARNING * * *
You feel sick.
The adder is no longer moving slowly.
The adder closely misses you.
You closely miss the adder. You claw the adder.
You kill the adder!
* * * LOW HITPOINT WARNING * * *
You feel sick.
You die...

.........# ##
........#...
.......#.##
#.....>....
.........
.....#.#.
######........
#..)w<@...#
#.####....# #.#
#....# #.#
#....###
#†####.......
######S........###
................#
########........#
##.#######


You could see a worm.

Vanquished Creatures
  3 adders (D:3)
  2 dart slugs (D:1)
  A leopard gecko (D:2)
  2 giant cockroaches
  4 goblins (D:1)
  4 hobgoblins
  7 jackals
  4 bats
  4 frilled lizards (D:1)
  11 kobolds
  5 rats (D:1)
47 creatures vanquished.

Notes
Turn   | Place    | Note
-------+----------+-------------------------------------------
     0 | D:1      | Espgualade the Tengu Ice Elementalist began the quest for
                  | the Orb.
     0 | D:1      | Reached XP level 1. HP: 10/10 MP: 4/4
   143 | D:1      | Reached skill level 3 in Ice Magic
   250 | D:1      | Reached XP level 2. HP: 14/15 MP: 6/6
   637 | D:1      | Reached XP level 3. HP: 5/19 MP: 3/7
  1226 | D:1      | Learned a level 2 spell: Throw Frost
  1230 | D:1      | Learned a level 3 spell: Ozocubu's Armour
  1270 | D:2      | Reached skill level 4 in Ice Magic
  1488 | D:2      | Noticed Terence
  2054 | D:3      | Reached XP level 4. HP: 22/24 MP: 3/8
  2079 | D:3      | HP: 1/24 [poisoned by an adder]
  2080 | D:3      | Succumbed to an adder's poison

Levels and vault maps discovered:
D:1:      minmay_arrival_stone_box, layout_basic, minmay_distorted
D:2:      layout_basic, uniq_terence
D:3:      layout_basic, first_ration, serial_bayou_pond_d, minmay_statues_item,
          uniq_grinder

Skill      XL: |  1  2  3  4 |
---------------+-------------+-----
Ice Magic      | 3 4 |  4.0
Conjurations   | 2 3 |  3.5
Dodging        | |  2.1
Stealth        | |  2.0
Spellcasting   | |  2.0

Action                   |  1- 3 |  4- 6 || total
-------------------------+-------+-------++-------
Melee: Hand axe          |    61 |    10 ||    71
       Kick              |    12 |     1 ||    13
       Peck              |     3 |     1 ||     4
 Cast: Freeze            |    35 |     7 ||    42
  Use: Scroll            |     4 |       ||     4
       Potion            |     1 |       ||     1
 Stab: Sleeping          |     1 |       ||     1
  Eat: Chunk             |     4 |       ||     4
Armor: Robe              |    26 |     4 ||    30
Dodge: Dodged            |    65 |     8 ||    73

Table legend:
 A = Non-vault XP
 B = Vault XP
 C = Vault XP percentage of total XP
 D = Non-vault monster count
 E = Vault monster count
 F = Vault count percentage of total count
                 A         B        C        D         E       F
            +---------+---------+-------+---------+---------+-------
      Total |     108 |       6 |   5.3 |      44 |       3 |   6.4
            +---------+---------+-------+---------+---------+-------
        D:1 |      44 |       6 |  12.0 |      28 |       3 |   9.7
        D:2 |      20 |       0 |   0.0 |      10 |       0 |   0.0
        D:3 |      44 |       0 |   0.0 |       6 |       0 |   0.0
            +---------+---------+-------+---------+---------+-------
